 Dungeon Crawl Stone Soup version 0.16-a0-1196-ged0958e (webtiles) character file.

6066 RobertPalmer the Cleaver (level 10, -1/60 HPs)
             Began as an Octopode Gladiator on Oct 10, 2014.
             Was a Believer of Qazlal.
             Slain by a five-headed hydra (12 damage)
             ... on level 10 of the Dungeon on Oct 11, 2014.
             The game lasted 00:33:40 (12633 turns).

RobertPalmer the Cleaver (Octopode Gladiator)      Turns: 12633, Time: 00:33:41

Health: -1/60      AC:  3    Str: 15    XL:     10   Next: 87%
Magic:  10/10      EV: 24    Int: 14    God:    Qazlal [**....]
Gold:   347        SH: 10    Dex: 17    Spells: 1 memorised, 8 levels left

rFire  . . .     SeeInvis .     a - +3 hand axe (elec)
rCold  . . .     Clarity  .     J - +1 buckler
rNeg   . . .     SustAb   .     c - +2 hat
rPois  .         Gourm    .     (no amulet)
rElec  .         Spirit   .     x - ring of wizardry
rCorr  .         Warding  .     (no ring)
rMut   .         Stasis   .     (no ring)
MR     .....                    (no ring)
Stlth  +++.......               (no ring)
                                (no ring)
                                (no ring)
                                (no ring)

@: agile, not resistant to hostile enchantments, fairly stealthy
A: almost no armour, amphibious, 8 rings, constrict 8, camouflage 1, gelatinous
body 1
a: Upheaval, Renounce Religion


You were on level 10 of the Dungeon.
You worshipped Qazlal.
Qazlal was pleased with you.
You were not hungry.

You visited 2 branches of the dungeon, and saw 11 of its levels.

You collected 491 gold pieces.
You spent 144 gold pieces at shops.


Innate Abilities, Weirdness & Mutations

You cannot wear most types of armour.
You are amphibious.
You can wear up to eight rings at the same time.
You can use your tentacles to constrict many enemies at once.
Your skin changes colour to match your surroundings (Stealth).
Your rubbery body absorbs attacks (AC +1).


   Skills:
 - Level 2.0 Fighting
 - Level 11.7(12.0) Axes
   Level 4.0(8.7) Maces & Flails
 - Level 2.0 Throwing
 + Level 10.0 Dodging
 - Level 3.5 Shields


You had 8 spell levels left.
You knew the following spells:

 Your Spells              Type           Power        Failure   Level  Hunger
Z - Animate Skeleton      Necr           N/A          12%         1    ##.....

Inventory:

Hand weapons
 a - a +3 hand axe of electrocution (weapon)
 b - a +0 blowgun
Missiles
 i - 42 poisoned needles
 y - 7 needles of slowing
Armour
 c - a +2 hat (worn)
 J - a +1 buckler (worn)
Magical devices
 m - a wand of heal wounds (2) {!d}
 H - a wand of digging (12)
 I - a wand of magic darts (16)
 K - a wand of polymorph (6)
Comestibles
 f - 8 bread rations
 p - 12 fruits
 w - 3 chunks of sheep flesh {@*1}
 z - 8 meat rations
 A - 7 slices of pizza
Scrolls
 e - 5 scrolls of amnesia
 o - 3 scrolls of remove curse
 s - a scroll of fear
 O - a scroll of magic mapping
Jewellery
 n - a cursed ring of teleportation
 x - a ring of wizardry (left tentacle)
 L - an uncursed ring of ice
Potions
 g - 2 potions of haste
 h - a potion of agility
 k - 3 potions of mutation {!q}
 l - a potion of brilliance {unknown}
 q - a potion of lignification {!q}
 r - 2 potions of cancellation
 t - a potion of resistance
 u - a potion of flight {unknown}
 v - 5 potions of curing
 C - a potion of cure mutation
 F - a potion of restore abilities
Books
 j - a book of Power
 D - a Necronomicon {highlevel, unknown}
 G - a book of Cantrips

Dungeon Overview and Level Annotations

Branches:
Dungeon (10/15)            Temple (1/1) D:6
    Orc: D:9-12        Lair: D:8-11

Altars:
Ashenzari
Cheibriados
Dithmenos
Elyvilon
Fedhas
Gozag
Kikubaaqudgha
Makhleb
Nemelex Xobeh
Okawaru
Qazlal
Ru
Sif Muna
Trog
Vehumet
Xom
Yredelemnul
Zin
The Shining One

Shops:
D:9

[ #####..##
#####..####
#####
#.%)...<..#
....#
#####.####...#
....#
#PP≈.≈§§.#...#
....#
#P≈......#...#
....#
#≈)≈..P..#...#
....
#P≈≈.....#.D.#
...
#.≈P......@..#
...
#'###'''##§..#
....
#).#.....#...#
....
#..'.....#...#
....
##########...#
... ##### ###


You could see a five-headed hydra.


Message History

You block the five-headed hydra's attack.
The five-headed hydra bites you!
* * * LOW HITPOINT WARNING * * *
The five-headed hydra completely misses you.
The five-headed hydra bites you but does no damage.
Things that are here:
a short sword; a yak corpse; a yak corpse Read which item? (? for menu, Esc to quit)
Okay, then.
Evoke which item? (* to show all) (? for menu, Esc to quit)
Okay, then.
Evoke which item? (* to show all) (? for menu, Esc to quit)
Zapping:
m - a wand of heal wounds (3) {!d} You feel much better.
This wand has 2 charges left.
The five-headed hydra misses you. x3
The five-headed hydra closely misses you.
The five-headed hydra barely misses you.
Evoke which item? (* to show all) (? for menu, Esc to quit)
Zapping:
H - a wand of digging (will waste charges)
The rock shatters into small pieces.
You wasted at least one charge getting the wand working.
The five-headed hydra bites you!
* * * LOW HITPOINT WARNING * * *
The five-headed hydra bites you.
* * * LOW HITPOINT WARNING * * *
The five-headed hydra completely misses you.
The five-headed hydra bites you!
* * * LOW HITPOINT WARNING * * *
The five-headed hydra bites you!
You die...

Action                   |  1- 3 |  4- 6 |  7- 9 | 10-12 || total
-------------------------+-------+-------+-------+-------++-------
Melee: Flail             |    24 |       |       |       ||    24
       Dagger            |    28 |       |       |       ||    28
       Whip              |    19 |     3 |       |       ||    22
       Mace              |     6 |       |       |       ||     6
       Hand axe          |       |    89 |   329 |   158 ||   576
 Fire: Blowgun           |       |     2 |    17 |    11 ||    30
Throw: Throwing net      |       |     1 |     1 |     1 ||     3
 Cast: Animate Skeleton  |       |       |     1 |       ||     1
Invok: Upheaval          |       |       |       |     2 ||     2
Evoke: Wand              |       |       |    11 |     8 ||    19
  Use: Scroll            |       |    14 |    16 |     8 ||    38
       Potion            |       |       |     1 |     2 ||     3
 Stab: Sleeping          |     3 |     3 |     4 |       ||    10
       Distracted        |       |     1 |     1 |       ||     2
  Eat: Chunk             |     2 |     7 |    19 |     7 ||    35
       Pizza             |       |       |     1 |       ||     1

Vault maps used:
D:1:      matt_arrival_diagonals
D:2:      cheibriados_altar_wand_db, overflow_temple_1_default
D:3:      overflow_temple_1_default, overflow_temple_1_default
D:4:      first_bread
D:5:      lemuel_doored_altar, kennysheep_cluttered_room,
          hangedman_decor_growths, nicolae_qazlal_general_emergency,
          uniq_menkaure
D:6:      tgw_trog, minmay_temple_entry_water_ring
D:7:      nicolae_overflow_hidden_temple
D:8:      nemelex_deck, lemuel_crystal_altar, gammafunk_temple_overflow_elements
D:9:      serial_shops, nicolae_shop_waterfront, yredelemnul_altar_generic
D:10:     erik_orc_2, basic_altar, hangedman_ranch
Temple:   temple_island_7

Notes
Turn   | Place    | Note
--------------------------------------------------------------
     0 | D:1      | RobertPalmer, the Octopode Gladiator, began the quest for the Orb.
     0 | D:1      | Reached XP level 1. HP: 14/14 MP: 1/1
   138 | D:1      | Reached XP level 2. HP: 16/19 MP: 2/2
   599 | D:1      | Reached skill level 4 in Maces & Flails
   789 | D:1      | Reached XP level 3. HP: 22/24 MP: 3/3
  1608 | D:2      | Found an ancient bone altar of Kikubaaqudgha.
  1778 | D:2      | Found a snail-covered altar of Cheibriados.
  1788 | D:2      | Reached skill level 4 in Dodging
  1788 | D:2      | Reached XP level 4. HP: 16/29 MP: 4/4
  2116 | D:2      | Reached skill level 1 in Axes
  2644 | D:3      | Reached skill level 2 in Axes
  2689 | D:3      | Found a burning altar of Makhleb.
  2728 | D:3      | Found a sacrificial altar of Ru.
  2749 | D:3      | Reached XP level 5. HP: 12/34 MP: 5/5
  2961 | D:3      | Noticed a phantom
  2984 | D:3      | Reached skill level 3 in Axes
  3006 | D:3      | Killed a phantom
  3006 | D:3      | Reached skill level 4 in Axes
  3006 | D:3      | Reached XP level 6. HP: 19/39 MP: 6/6
  3179 | D:3      | Identified a wand of heal wounds
  3803 | D:4      | Reached skill level 5 in Axes
  3815 | D:4      | Reached XP level 7. HP: 43/45 MP: 7/7
  3985 | D:4      | Reached skill level 6 in Axes
  4626 | D:5      | Entered Level 5 of the Dungeon
  4817 | D:5      | Found a glowing silver altar of Zin.
  4838 | D:5      | Reached skill level 7 in Axes
  5071 | D:5      | Noticed Menkaure
  5072 | D:5      | Reached XP level 8. HP: 50/50 MP: 8/8
  5228 | D:5      | Killed Menkaure
  5228 | D:5      | Reached skill level 8 in Axes
  5240 | D:5      | Found a stormy altar of Qazlal.
  5894 | D:6      | Reached skill level 9 in Axes
  5898 | D:6      | Found a staircase to the Ecumenical Temple.
  6482 | D:6      | Noticed a moth of wrath
  6547 | Temple   | Entered the Ecumenical Temple
  6589 | Temple   | Became a worshipper of Qazlal Stormbringer
  6632 | D:6      | Found a bloodstained altar of Trog.
  6749 | D:7      | Reached skill level 10 in Axes
  6832 | D:7      | Reached XP level 9. HP: 47/54 MP: 9/9
  7264 | D:7      | Learned a level 1 spell: Animate Skeleton
  7682 | D:7      | Reached skill level 11 in Axes
  8198 | D:7      | Found a radiant altar of Vehumet.
  8199 | D:7      | Found an iron altar of Okawaru.
  8533 | D:7      | Acquired Qazlal's first power
  8591 | D:8      | Found a sparkling altar of Nemelex Xobeh.
  8655 | D:8      | Found a deep blue altar of Sif Muna.
  8655 | D:8      | Found a basalt altar of Yredelemnul.
  8771 | D:8      | Found a shadowy altar of Dithmenos.
  9805 | D:8      | Acquired Qazlal's second power
  9805 | D:8      | Reached skill level 5 in Dodging
 10223 | D:8      | Reached skill level 6 in Dodging
 10327 | D:9      | Found a basalt altar of Yredelemnul.
 10444 | D:8      | Reached XP level 10. HP: 36/60 MP: 10/10
 10595 | D:9      | Found Itearieg's Antique Armour Shop.
 10603 | D:9      | Bought a buckler for 144 gold pieces
 10661 | D:9      | Reached skill level 1 in Shields
 10853 | D:9      | Identified a potion of resistance
 10881 | D:10     | Entered Level 10 of the Dungeon
 10924 | D:10     | Reached skill level 2 in Shields
 11146 | D:10     | Reached skill level 3 in Shields
 11427 | D:10     | Reached skill level 7 in Dodging
 11593 | D:10     | Noticed a hill giant
 11895 | D:10     | Reached skill level 8 in Dodging
 12065 | D:10     | Noticed a guardian serpent
 12065 | D:10     | a troll changed into a guardian serpent
 12120 | D:10     | Killed a guardian serpent
 12126 | D:10     | Found a shadowy altar of Dithmenos.
 12140 | D:10     | Reached skill level 9 in Dodging
 12189 | D:10     | Upgraded the game from 0.16-a0-1183-g5b05a17 to 0.16-a0-1196-ged0958e
 12575 | D:10     | Noticed a two-headed hydra
 12609 | D:10     | Reached skill level 10 in Dodging
 12633 | D:10     | Slain by a five-headed hydra

Vanquished Creatures
  A guardian serpent (D:10)
  A hill giant zombie (D:8)
  7 yaks
  Menkaure (D:5)
  2 water moccasins
  5 orc warriors
  2 ice beasts
  4 ogres
  3 phantoms
  5 centaurs
  A yellow wasp (D:7)
  A sky beast (D:5)
  6 big kobolds
  3 giant frogs
  7 jellies
  3 killer bees (D:10)
  3 wights (D:7)
  3 scorpions
  An electric eel (D:10)
  A crimson imp (D:5)
  A giant frog zombie (D:10)
  A goliath beetle (D:8)
  4 hounds
  A yellow wasp zombie (D:8)
  3 orc priests
  A centaur skeleton (D:7)
  6 orc wizards
  4 worker ants
  2 iguanas
  2 sheep (D:10)
  An ogre zombie (D:5)
  An ogre skeleton (D:8)
  A mummy (D:7)
  A gnoll (D:2)
  12 adders
  A giant mite (D:9)
  4 worms
  A shadow imp (D:10)
  An adder skeleton (D:4)
  6 giant geckos
  An ooze (D:2)
  42 orcs
  18 bats
  3 giant cockroaches
  12 goblins
  17 hobgoblins
  7 jackals
  2 quokkas
  3 ball pythons
  3 giant newts
  2 hobgoblin skeletons
  38 kobolds
  18 rats
  A rat skeleton (D:6)
  A plant (D:10)
282 creatures vanquished.

Vanquished Creatures (others)
  A giant frog skeleton (D:7)
1 creature vanquished.

Grand Total: 283 creatures vanquished
